 Dungeon Crawl Stone Soup version 0.28.0 (webtiles) character file.

Game seed: 77494848314059745

20207 enile the Fighter (level 12, -12/113 HPs)
             Began as a White Draconian Air Elementalist on Feb 14, 2022.
             Was an Initiate of Ignis.
             Mangled by a catoblepas (13 damage)
             ... while petrified by a catoblepas
             ... on level 3 of the Lair of Beasts.
             The game lasted 00:55:13 (22262 turns).

enile the Fighter (DrAE)                           Turns: 22262, Time: 00:55:14

Health: -12/113    AC: 15    Str: 17    XL:     12   Next: 43%
Magic:  0/22       EV:  2    Int: 21    God:    Ignis [......]
Gold:   659        SH:  0    Dex: 12    Spells: 13/25 levels left

rFire   + . .      SeeInvis .   p - +6 mace of the Inferno {pain, rN+ Str+7}
rCold   + . .      Faith    .   f - +0 buckler of Juurruj {rCorr Stlth+}
rNeg    + + +      Spirit   +   (armour unavailable)
rPois   ∞          Reflect  .   (helmet restricted)
rElec   .          Harm     .   o - +2 cloak
rCorr   +          Rampage  .   (no gloves)
Will    .....                   (no boots)
Stlth   ++++......              e - amulet of guardian spirit
HPRegen 0.28/turn               i - +4 ring of protection
MPRegen 0.18/turn               E - ring of wizardry

@: sluggish, petrified, very slow
A: breathe frost, AC +8, unfitting armour, cold resistance 1, cold-blooded
a: Breathe Frost, Renounce Religion


You were on level 3 of the Lair of Beasts.
You worshipped Ignis.
Ignis was noncommittal.
You visited 3 branches of the dungeon, and saw 15 of its levels.

You collected 729 gold pieces.
You spent 70 gold pieces at shops.

Inventory:

Hand Weapons
 d - a +2 quarterstaff of chaos
 h - a +0 quarterstaff
 k - a +0 short sword
 l - a +0 war axe
 p - the +6 mace of the Inferno (weapon) {pain, rN+ Str+7}
   (You found it on level 2 of the Dungeon)

   In the hands of one skilled in necromantic magic, it inflicts extra damage on
   living creatures.
   Str:       It affects your strength (+7).
   rN:        It protects you from negative energy.
 r - a +3 whip of holy wrath
 I - a +4 scimitar of flaming
 K - a +2 eveningstar of protection
Missiles
 a - 13 poisoned darts
 z - 2 atropa-tipped darts
Armour
 f - the +0 buckler of Juurruj (worn) {rCorr Stlth+}
   (You acquired it on level 9 of the Dungeon)

   rCorr:     It protects you from acid and corrosion.
   Stlth:     It makes you more stealthy.
 o - a +2 cloak (worn)
Magical Staves
 q - a staff of air
Jewellery
 e - an amulet of guardian spirit (around neck)
 i - a +4 ring of protection (left hand)
 s - a ring of ice
 x - a +6 ring of strength
 E - a ring of wizardry (right hand)
 H - a ring of resist corrosion
Wands
 u - a wand of paralysis (19)
 B - a wand of polymorph (17) (quivered)
Scrolls
 b - 2 scrolls of vulnerability
 c - 2 scrolls of identify
 j - a scroll of enchant armour
 y - 3 scrolls of immolation
 F - 2 scrolls of noise
 L - a scroll of enchant weapon
Potions
 g - 4 potions of degeneration
 m - 4 potions of curing
 v - 2 potions of brilliance {unknown}
 w - a potion of flight
 A - a potion of haste
 D - a potion of magic {unknown}
 G - a potion of mutation {unknown}
 J - a potion of cancellation {unknown}
 M - a potion of attraction {unknown}


   Skills:
 + Level 12.8 Fighting
 - Level 8.0 Maces & Flails
 - Level 6.0 Dodging
 - Level 5.0 Stealth
 - Level 3.0 Shields
 - Level 7.0 Spellcasting
 - Level 1.0 Conjurations
 - Level 7.0 Ice Magic
 - Level 7.0 Air Magic
 - Level 6.0 Evocations


You had 13 spell levels left.
You knew the following spells:

 Your Spells              Type           Power      Damage    Failure   Level
b - Static Discharge      Conj/Air       24%        N/A       1%          2
c - Swiftness             Air            36%        N/A       1%          3
d - Airstrike             Air            18%        N/A       2%          4
e - Frozen Ramparts       Ice            72%        1d9       1%          3

Your spell library contained the following spells:

 Spells                   Type           Power      Damage    Failure   Level
 Freeze                   Ice            100%       1d11      1%          1
 Shock                    Conj/Air       96%        1d9       1%          1
 Poisonous Vapours        Pois/Air       44%        N/A       1%          2
 Animate Skeleton         Necr           14%        N/A       4%          1
 Pain                     Necr           28%        1d5       4%          1
 Sandblast                Erth           14%        2d6       4%          1
 Sting                    Tmut/Pois      28%        1d4       4%          1
 Mephitic Cloud           Conj/Pois/Air  18%        N/A       4%          3
 Blink                    Tloc           14%        N/A       7%          2
 Passwall                 Tmut/Erth      5%         N/A       7%          2
 Hailstorm                Conj/Ice       24%        3d7       9%          4
 Stone Arrow              Conj/Erth      18%        3d8       12%         3
 Gell's Gravitas          Tloc           7%         N/A       14%         3
 Ignite Poison            Fire/Tmut/Pois 7%         N/A       14%         3
 Lesser Beckoning         Tloc           7%         N/A       14%         3
 Teleport Other           Tloc           7%         N/A       14%         3
 Tukima's Dance           Hex            7%         N/A       14%         3
 Vampiric Draining        Necr           7%         2d6       14%         3
 Freezing Cloud           Conj/Ice/Air   14%        6-21      16%         5
 Anguish                  Hex/Necr       3%         N/A       41%         4
 Olgreb's Toxic Radiance  Pois           7%         N/A       41%         4
 Manifold Assault         Tloc           7%         N/A       75%         5
 Enfeeble                 Hex            3%         N/A       100%        7


Dungeon Overview and Level Annotations

Branches:
Dungeon (11/15)            Temple (1/1) D:6            Lair (3/6) D:10
  Swamp (0/4) Lair:3       Spider (0/4) Lair:2          Orc (0/2) D:9

Altars:
Ashenzari
Cheibriados
Dithmenos
Elyvilon
Fedhas
Gozag
Hepliaklqana
Kikubaaqudgha
Makhleb
Nemelex Xobeh
Okawaru
Qazlal
Ru
Sif Muna
Trog
Uskayaw
Vehumet
Wu Jian
Xom
Yredelemnul
Zin
The Shining One
Ignis

Shops:
D:7 *


Innate Abilities, Weirdness & Mutations

You can breathe waves of freezing cold which knock back foes.
Your icy white scales are hard. (AC +8)
You cannot fit into any form of body armour.
Your flesh is cold resistant. (rC+)
You are cold-blooded and may be slowed by cold attacks.


Message History

The catoblepas is almost dead.
You hit the catoblepas but do no damage.
The catoblepas is almost dead.
The catoblepas breathes a plume of calcifying dust at you.
The blast of calcifying dust hits you.
* * * LOW HITPOINT WARNING * * *
Okay, then.
As you read the scroll labelled ACITAGH WOYXID, it crumbles to dust.
You feel aware of your surroundings.
It was a scroll of magic mapping.
You feel sluggish.
The catoblepas breathes a plume of calcifying dust at you.
The blast of calcifying dust hits you but does no damage.
The catoblepas breathes a plume of calcifying dust at you.
The blast of calcifying dust hits you!
* * * LOW HITPOINT WARNING * * *
Aiming: Polymorph
Press: ? - help, Q - select action, (/) - cycle Shift-Dir - straight line, f/p - catoblepas
Aim: a catoblepas (calcifying dust, almost dead, will become a black draconian, a green draconian, or an azure jelly, chance to affect: 6%)
Okay, then.
Press: ? - help, v - describe, . - travel
Here: a catoblepas (calcifying dust, almost dead)
The floor.
You feel much better.
You are engulfed in calcifying dust.
You are slowing down.
The catoblepas gores you!!
* * * LOW HITPOINT WARNING * * *
The catoblepas gores you!
* * * LOW HITPOINT WARNING * * *
You have turned to stone.
The catoblepas gores you!!
* * * LOW HITPOINT WARNING * * *
You have got your breath back.
The catoblepas gores you but does no damage.
The catoblepas gores you.
* * * LOW HITPOINT WARNING * * *
The catoblepas gores you!!
* * * LOW HITPOINT WARNING * * *
The catoblepas gores you but does no damage.
The catoblepas gores you!!
You die...

.................<....#..#.......
......................#.#........
.....................#.#.........
.................................
≈≈P.............................#
≈≈≈.............................#
≈≈P............................##
≈≈≈,,,,,,.......................P
≈≈≈,,,,,,.......@.....##........#
≈≈≈,,,,,,....(..Y....#####.......
≈≈≈*,,,,,.............# #P.......
≈≈≈*,,,,,.......(.....####...###.
≈≈≈****,,..............###..#.#..
≈≈≈* **,##P....##.#..........#.#
≈≈** ***##..#.#.####.....#P...#
*** #..#.#.#* #.#.######.. *
**#.#.##.* ##### ##.


You could see a catoblepas.

Vanquished Creatures
  A hydra (Lair:2)
  A manticore (D:11)
  A gargoyle (D:10)
  An elephant (D:10)
  2 black mambas
  7 cane toads
  A kobold demonologist (D:11)
  6 komodo dragons
  An unseen horror (D:11)
  An efreet (D:10)
  A rime drake (Lair:2)
  A tyrant leech (Lair:3)
  2 vampires (D:11)
  2 culicivoras
  2 shadows
  5 jumping spiders
  Sigmund (D:2)
  3 wyverns
  Grum (Lair:1)
  29 yaks
  3 redbacks (Lair:2)
  5 basilisks
  6 water moccasins
  An ice beast (D:6)
  2 orc warriors
  A black bear (D:6)
  A sky beast (D:8)
  2 ogres (D:6)
  6 wolves
  8 centaurs
  3 kobold brigands
  7 bullfrogs
  2 scorpions (D:6)
  2 wyvern zombies
  A wyvern skeleton (D:6)
  8 wights
  6 killer bees (D:8)
  A howler monkey (D:5)
  6 centaur zombies
  4 orc priests
  A jelly (D:5)
  Crazy Yiuf (D:2)
  5 hounds
  A centaur skeleton (D:4)
  Terence (D:3)
  A bullfrog skeleton (D:4)
  9 orc wizards
  An iguana (D:6)
  Natasha (thrice) (D:2)
  A scorpion zombie (D:5)
  5 killer bee zombies
  A hound skeleton (D:4)
  2 howler monkey zombies
  Robin (D:3)
  4 gnolls
  A howler monkey skeleton (D:6)
  4 adders
  A shadow imp (D:6)
  An ufetubus (D:7)
  An adder zombie (D:5)
  A worm (D:3)
  A dart slug (D:3)
  27 orcs
  5 ball pythons
  5 endoplasms
  3 giant cockroaches
  10 goblins
  9 hobgoblins
  3 quokkas
  5 bats
  4 frilled lizards
  14 kobolds
  A quokka skeleton (D:4)
  3 rats
280 creatures vanquished.

Vanquished Creatures (others)
  An acid dragon (D:10)
  A black bear (D:10)
  2 orc wizards
  2 orcs (D:10)
  99 foxfires
  28 fungi
  20 plants
153 creatures vanquished.

Grand Total: 433 creatures vanquished

Notes
Turn   | Place    | Note
-------+----------+-------------------------------------------
     0 | D:1      | enile the Draconian Air Elementalist began the quest for
                  | the Orb.
     0 | D:1      | Reached XP level 1. HP: 14/14 MP: 3/3
    73 | D:1      | Reached skill level 1 in Fighting
   219 | D:1      | Found a faded altar of an unknown god.
   286 | D:1      | Prayed at the altar of an unknown god.
   286 | D:1      | Became a worshipper of Ignis, the Dying Flame
   368 | D:1      | Reached XP level 2. HP: 21/24 MP: 0/5
   376 | D:1      | Reached skill level 2 in Fighting
  1138 | D:2      | Noticed Natasha
  1151 | D:2      | Killed Natasha
  1152 | D:2      | Reached skill level 3 in Fighting
  1152 | D:2      | Reached XP level 3. HP: 4/31 MP: 0/6
  1601 | D:2      | You fall into a shaft and drop 2 floors!
  1611 | D:4      | Learned a level 2 spell: Static Discharge
  1771 | D:3      | Noticed Robin
  1893 | D:2      | Reached XP level 4. HP: 38/38 MP: 6/8
  2057 | D:2      | Noticed Natasha
  2063 | D:2      | Killed Natasha
  2073 | D:2      | Noticed Natasha
  2099 | D:2      | Killed Natasha
  2308 | D:2      | Noticed Sigmund
  2448 | D:2      | Found a runed translucent door.
  2449 | D:2      | Noticed Crazy Yiuf
  2701 | D:2      | Killed Sigmund
  2702 | D:2      | Reached skill level 4 in Fighting
  2702 | D:2      | Reached XP level 5. HP: 44/46 MP: 8/11
  2702 | D:2      | Reached XP level 6. HP: 50/52 MP: 8/12
  2778 | D:2      | Killed Crazy Yiuf
  2784 | D:2      | Identified the +6 mace of the Inferno {pain, rN+ Str+7}
  3010 | D:3      | Noticed Terence
  3022 | D:3      | Killed Terence
  3032 | D:3      | Killed Robin
  3294 | D:3      | Reached skill level 5 in Fighting
  3297 | D:3      | Reached skill level 1 in Maces & Flails
  3665 | D:3      | Learned a level 3 spell: Swiftness
  4019 | D:4      | Your scales start taking on an icy white colour.
  4019 | D:4      | Reached XP level 7. HP: 57/61 MP: 3/13
  4019 | D:4      | Gained mutation: Your flesh is cold resistant. (rC+) [White
                  | Draconian growth]
  4507 | D:4      | Reached skill level 6 in Fighting
  4716 | D:5      | Entered Level 5 of the Dungeon
  4781 | D:5      | Found a glowing silver altar of Zin.
  4815 | D:5      | Found an iron altar of Okawaru.
  5028 | D:5      | Found a radiant altar of Vehumet.
  5900 | D:6      | Reached skill level 7 in Fighting
  5906 | D:6      | Reached XP level 8. HP: 44/73 MP: 3/14
  6084 | D:6      | Reached skill level 5 in Air Magic
  6089 | D:6      | Learned a level 4 spell: Airstrike
  6548 | D:6      | Reached skill level 1 in Evocations
  6683 | D:6      | Found a staircase to the Ecumenical Temple.
  6775 | Temple   | Entered the Ecumenical Temple
  7534 | D:7      | Found an opulent altar of Gozag.
  7590 | D:7      | Reached XP level 9. HP: 76/79 MP: 15/15
  7655 | D:7      | Found Zaepoush's General Store.
  7660 | D:7      | Bought a potion of curing for 42 gold pieces
  7660 | D:7      | Bought a scroll of identify for 28 gold pieces
  8284 | D:8      | Found a basalt altar of Yredelemnul.
  8306 | D:8      | Reached skill level 8 in Fighting
  8952 | D:8      | Reached skill level 9 in Fighting
  9483 | D:8      | Reached skill level 5 in Maces & Flails
  9983 | D:9      | Noticed a rakshasa
  9986 | D:10     | Entered Level 10 of the Dungeon
 10030 | D:9      | Learned a level 3 spell: Frozen Ramparts
 10141 | D:9      | Identified a scroll of acquirement
 10159 | D:9      | Acquired the +0 buckler of Juurruj {rCorr Stlth+}
 10527 | D:9      | Acquired a staff of air
 10741 | D:10     | Noticed an elephant
 10912 | D:10     | Reached skill level 1 in Shields
 10913 | D:10     | Noticed an efreet
 10935 | D:10     | Reached XP level 10. HP: 87/91 MP: 6/16
 11313 | D:10     | Found a staircase to the Lair.
 11646 | D:10     | Killed an elephant
 11682 | D:10     | Reached skill level 10 in Fighting
 12441 | D:10     | Found a bloodstained altar of Trog.
 12474 | D:9      | Found a staircase to the Orcish Mines.
 12620 | D:9      | Acquired a +2 eveningstar of protection
 12729 | D:9      | Found a snail-covered altar of Cheibriados.
 12729 | D:9      | Found a glowing golden altar of the Shining One.
 12748 | D:9      | Reached skill level 5 in Evocations
 13087 | Lair:1   | Entered Level 1 of the Lair of Beasts
 13087 | Lair:1   | Noticed a black mamba
 13087 | Lair:1   | Noticed a cane toad
 13531 | D:11     | Noticed a rust devil
 13545 | D:11     | Noticed a gargoyle
 13661 | D:10     | Killed a gargoyle
 13662 | D:10     | Reached skill level 5 in Spellcasting
 13799 | D:11     | Noticed a manticore
 13813 | D:11     | Killed a manticore
 13999 | D:11     | Noticed a two-headed ogre
 14074 | D:11     | Noticed a two-headed ogre
 14272 | D:11     | Reached skill level 5 in Stealth
 14272 | D:11     | Reached XP level 11. HP: 41/99 MP: 10/18
 15605 | D:10     | Reached skill level 11 in Fighting
 16367 | Lair:1   | Reached skill level 5 in Ice Magic
 16639 | Lair:1   | Identified the +6 spear of Blood-Lust {freeze, Dex+6}
 17314 | Lair:1   | Noticed Grum
 17331 | Lair:1   | Killed Grum
 17927 | Lair:2   | Reached skill level 12 in Fighting
 18318 | Lair:2   | Noticed a seven-headed hydra
 18323 | Lair:2   | Killed a seven-headed hydra
 19226 | Lair:2   | Reached XP level 12. HP: 112/112 MP: 8/21
 20283 | Lair:2   | Reached skill level 5 in Dodging
 21231 | Lair:2   | Found a hole to the Spider Nest.
 21540 | Lair:3   | Found a staircase to the Swamp.
 22230 | Lair:3   | Noticed a catoblepas
 22260 | Lair:3   | HP: 1/113 [catoblepas (12)]
 22262 | Lair:3   | Mangled by a catoblepas

Illustrated notes

Levels and vault maps discovered:
D:1:      scummos_arrival_forest, layout_loops_ring,
          hellmonk_ecumenical_altar_arch_garden
D:2:      layout_basic, uniq_sigmund, uniq_natasha, uniq_crazy_yiuf_cottage
D:3:      layout_loops_ring, serial_glass, glass_columns_a, glass_columns_a,
          glass_columns_a, glass_columns_c, glass_columns_b, glass_columns_c,
          glass_columns_a, glass_columns_b, glass_columns_b, glass_columns_a,
          uniq_terence, uniq_robin
D:4:      layout_rooms, grunt_decor_clamped, sigmund_army
D:5:      layout_cave_pods, fiery_altar_vehumet, mainiacjoe_overflow_alcove_1,
          okawaru_altar_gauntlet_db, grunt_decor_junction
D:6:      layout_rooms, minmay_temple_entry_proselytizer, serial_curves,
          eino_curves_03, eino_curves_01, minmay_misc_feat_ornament
D:7:      layout_cave_pools, nicolae_gozag_seed_capital, serial_shops,
          kennysheep_little_box
D:8:      layout_loops_corners, nicolae_yredelemnul_corpse_copse
D:9:      layout_grid_maze, jmf_multi_god_temple, orc_0_dummy
D:10:     layout_rooms, kennysheep_mini, david_lair_generic
D:11:     layout_irregular_city
Temple:   jpeg_temple_clearing
Lair:1:   layout_loops_ring, uniq_grum
Lair:2:   layout_regular_city, nicolae_spider_entry_tight_spaces,
          grunt_megastairs_1
Lair:3:   layout_layer_cave, minmay_swamp_entry_worms, serial_bayou_shore_a,
          grunt_megastairs_4

Skill      XL: |  1  2  3  4  5  6  7  8  9 10 11 12 |
---------------+-------------------------------------+-----
Fighting       | 1 3 4 5 7 9 10 12 | 12.8
Spellcasting   | 3 4 5 6 7 |  7.0
Air Magic      | 4 6 7 |  7.0
Maces & Flails | 2 3 4 6 8 |  8.0
Dodging        | 3 4 6 |  6.0
Evocations     | 4 6 |  6.0
Stealth        | 3 4 5 |  5.0
Shields        | 2 3 |  3.0
Ice Magic      | 7 |  7.0
Conjurations   | |  1.0

Action                   |  1- 3 |  4- 6 |  7- 9 | 10-12 || total
-------------------------+-------+-------+-------+-------++-------
Melee: Unarmed           |    24 |       |     4 |       ||    28
       Tailslap          |     6 |     9 |    44 |    65 ||   124
       Quarterstaff      |    14 |    17 |       |       ||    31
       Mace              |       |    63 |   248 |   209 ||   520
       Punch             |       |     1 |     1 |       ||     2
       Staff             |       |       |    29 |    51 ||    80
       Eveningstar       |       |       |       |    63 ||    63
Throw: Dart              |       |       |     4 |    34 ||    38
 Cast: Shock             |    57 |    30 |    18 |     4 ||   109
       Static Discharge  |     2 |    12 |    18 |    10 ||    42
       Swiftness         |       |       |     3 |     9 ||    12
       Airstrike         |       |       |    49 |   170 ||   219
       Frozen Ramparts   |       |       |     2 |     5 ||     7
Invok: Foxfire Swarm     |     1 |     1 |     4 |       ||     6
       Fiery Armour      |     1 |     2 |       |       ||     3
       Rising Flame      |       |       |       |     1 ||     1
 Abil: Breathe Frost     |       |       |    16 |    15 ||    31
Evoke: Wand              |       |       |       |     6 ||     6
  Use: Scroll            |     1 |     3 |    12 |    14 ||    30
       Potion            |       |       |     4 |     9 ||    13
 Stab: Sleeping          |       |     3 |     2 |       ||     5
       Distracted        |       |       |     2 |       ||     2
       Paralysed         |       |       |       |     4 ||     4
Armor: Skin              |    16 |    61 |   202 |   205 ||   484
Dodge: Dodged            |    40 |    71 |   285 |   237 ||   633
Block: Buckler           |       |       |     5 |    88 ||    93
